[Event "Late-Titled-Tuesday-Blitz-March-19-2024"]
[Site "Chess.com"]
[Date "2024.03.19"]
[Round "4"]
[White "Yurovskykh_Oleksandr"]
[Black "Chempiblinka"]
[Result "0-1"]
[WhiteElo "2600"]
[BlackElo "2361"]
[TimeControl "180+1"]
[EndTime "14:38:28 PDT"]
[Termination "Chempiblinka won by checkmate"]

1. d4 Nf6 2. Nf3 g6 3. Nbd2 Bg7 4. e4 d6 5. Bb5+ c6 6. Bd3 O-O 7. O-O Nbd7 8. a4 e5 9. dxe5 dxe5 10. Nc4 Qe7 11. a5 Nh5 12. Re1 Nf4 13. Bf1 Ne6 14.
c3 f6 15. b4 Rd8 16. Qb3 Kh8 17. Be3 Ndf8 18. Red1 Bd7 19. Nd6 Be8 20. Nxe8 Rxe8 21.
Bc4 Nf4 22. g3 N4e6 23. Rd2 f5 24. exf5 gxf5 25. Re2 Ng6 26. Rae1 e4 27. Nd4 Nxd4 28. Bxd4 Ne5 29. Bxe5 Qxe5 30. Re3 Rad8 31. f3 Rd2 32.
fxe4 f4 33. Rf3 Qh5 34. Rf2 Rxf2 35. Kxf2 fxg3+ 36. hxg3 Rf8+ 37. Kg2 Qf3+ 38. Kh2 Be5 39. Rg1 Rf6 40. Be6 Rh6+ 41. Bh3 Qf2+ 42. Rg2 Bxg3+ 43. Kh1 Qf1+ 44. Rg1 Qxh3# 0-1

[Event "Late-Titled-Tuesday-Blitz-March-19-2024"]
[Site "Chess.com"]
[Date "2024.03.19"]
[Round "4"]
[White "AktilekAskarovich"]
[Black "Yeritsyaan"]
[Result "0-1"]
[WhiteElo "2395"]
[BlackElo "2668"]
[TimeControl "180+1"]
[EndTime "14:38:30 PDT"]
[Termination "Yeritsyaan won on time"]

1. d4 f5 2. Nf3 Nf6 3. Bg5 g6 4. Bxf6 exf6 5. Nc3 Bg7 6. e3 O-O 7. Bc4+ Kh8 8. h4 h5 9. Qd2 c6 10. d5 b5 11. Bb3 Na6 12. a4 b4 13. Ne2 Bb7 14. Nf4 Kh7 15. Rd1 Qe7 16. c3 Nc5 17. Bc2 Ne4 18. Qd4 c5 19. Qc4 d6 20. Ne6 a5 21.
Bxe4 Ba6 22. Qa2 fxe4 23. Nd2 f5 24. f4 Rf6 25. Ng5+ Kh8 26. Kf2 Rb8 27. Rc1 Rff8 28.
cxb4 Rxb4 29. b3 Rfb8 30. Rb1 Bc3 31. Nc4 Bxc4 32. bxc4 Rb2+ 33. Kg3 Rxa2 34. Rxb8+ Kg7 35. Rhb1 Bb4 36. Ne6+ Kf6 37. Rg8 Rxa4 38. Ng5 Ra3 39. Kf2 Ra2+ 40. Kg3 a4 0-1

[Event "Late-Titled-Tuesday-Blitz-March-19-2024"]
[Site "Chess.com"]
[Date "2024.03.19"]
[Round "4"]
[White "santosalberto1987"]
[Black "drdaro"]
[Result "1/2-1/2"]
[WhiteElo "2562"]
[BlackElo "2374"]
[TimeControl "180+1"]
[EndTime "14:38:30 PDT"]
[Termination "Game drawn by repetition"]

1. e4 d6 2. d4 g6 3. Nc3 Bg7 4. Be3 Nc6 5. Qd2 e5 6. Nge2 exd4 7. Nxd4 Nge7 8. O-O-O O-O 9. h4 Nxd4 10. Bxd4 Bxd4 11. Qxd4 Nc6 12. Qd2 Qf6 13. h5 Be6 14. f3 Ne5 15.
Kb1 Rad8 16. Be2 c6 17. Qd4 c5 18. Qd2 a6 19. Nd5 Bxd5 20. Qxd5 Nc6 21. hxg6 hxg6 22.
Qd2 Rfe8 23. Bc4 Qd4 24. Qh6 Qg7 25. Qg5 Re5 26. Qg3 b5 27. Bd5 Nb4 28. f4 Re7 29.
Rhe1 Rde8 30. a3 Nxd5 31. exd5 Rxe1 32. Rxe1 Rxe1+ 33. Qxe1 Qd4 34. Qe8+ Kg7 35. Qc6 Qd1+ 36. Ka2 Qxc2 37. Qxd6 Qc4+ 38. Kb1 Qd3+ 39. Kc1 Qe3+ 40.
Kc2 Qe2+ 41. Kb1 Qf1+ 42. Ka2 Qc4+ 43. Ka1 Qf1+ 44. Ka2 Qc4+ 1/2-1/2

[Event "Late-Titled-Tuesday-Blitz-March-19-2024"]
[Site "Chess.com"]
[Date "2024.03.19"]
[Round "4"]
[White "only_strong_moves"]
[Black "norwaytoadog"]
[Result "1-0"]
[WhiteElo "2659"]
[BlackElo "2357"]
[TimeControl "180+1"]
[EndTime "14:38:31 PDT"]
[Termination "only_strong_moves won by resignation"]

1. Nc3 Nf6 2. e4 e5 3. Bc4 Nxe4 4. Bxf7+ Kxf7 5. Nxe4 d5 6. Ng3 Bd6 7. d3 Rf8 8. Qf3+ Kg8 9. Qxd5+ Kh8 10. Qe4 Nc6 11.
Nf3 Be6 12. O-O Qd7 13. Bd2 Rae8 14. Ng5 Bg8 15. Nf3 h6 16. Nh4 Bh7 17. Ng6+ Bxg6 18. Qxg6 Rf6 19. Qe4 Ref8 20. Rae1 Nd4 21. c3 Ne6 22.
Qg4 Qf7 23. Ne4 Rg6 24. Qh3 Nf4 25. Bxf4 Qxf4 26. Re3 Qf7 27. Rg3 Rxg3 28. Qxg3 Qxa2 29. b4 Qc2 30. Qe3 a6 31. h4 Qb3 32. g3 Qe6 33.
Kg2 b6 34. Ra1 a5 35. bxa5 Ra8 36. a6 Qb3 37. a7 Qd5 38. Qf3 Qb7 39. Nxd6 Qxf3+ 40.
Kxf3 cxd6 41. Ke4 Kg8 42. Kd5 Kf7 43. Kxd6 1-0

[Event "Late-Titled-Tuesday-Blitz-March-19-2024"]
[Site "Chess.com"]
[Date "2024.03.19"]
[Round "4"]
[White "Fandorine"]
[Black "Vahe_Danielyan"]
[Result "1/2-1/2"]
[WhiteElo "2929"]
[BlackElo "2661"]
[TimeControl "180+1"]
[EndTime "14:38:35 PDT"]
[Termination "Game drawn by agreement"]

1. d4 Nf6 2. c4 e6 3. Nf3 c5 4.
g3 cxd4 5. Nxd4 Nc6 6. Bg2 Qb6 7. Nxc6 bxc6 8. O-O d5 9. Qc2 Be7 10. b3 O-O 11.
Ba3 Bxa3 12. Nxa3 Ba6 13. Rac1 Rac8 14. Rfd1 h6 15. e3 Rfd8 16. h3 Qa5 17. Qb2 Qb4 18.
Nc2 Qb6 19. Qc3 dxc4 20. bxc4 Rxd1+ 21. Rxd1 Qc5 22. Nb4 Qxc4 23. Qa3 Bb5 24. Rc1 Qe2 25. Qxa7 Qd2 26. Qc5 Rd8 27. Bxc6 Bxc6 28. Nxc6 Ra8 29. Rc2 Qd1+ 30. Kg2 Kh7 31. Ne5 Ra5 32. Qxa5 Qxc2 33.
Nf3 Ne4 34. Qe1 Qc6 35. h4 g5 36. hxg5 hxg5 37. g4 Qa8 38. Kg1 Qxa2 39. Qf1 1/2-1/2

[Event "Late-Titled-Tuesday-Blitz-March-19-2024"]
[Site "Chess.com"]
[Date "2024.03.19"]
[Round "4"]
[White "Julianos82"]
[Black "Pingah9"]
[Result "0-1"]
[WhiteElo "2396"]
[BlackElo "2579"]
[TimeControl "180+1"]
[EndTime "14:38:35 PDT"]
[Termination "Pingah9 won by resignation"]

1. d4 g6 2. c4 Bg7 3. Nc3 c5 4. d5 Bxc3+ 5. bxc3 Qa5 6. Bd2 f5 7. h4 Nf6 8. f3 d6 9. Nh3 Nbd7 10. e3 Nb6 11. Nf4 Bd7 12. Be2 O-O-O 13. O-O Qa4 14. Qxa4 Nxa4 15. Rab1 Rhg8 16. Kf2 h6 17. Rh1 Nb6 18.
Bd3 Rdf8 19. h5 g5 20. Ng6 Rf7 21. Ke2 e6 22. e4 fxe4 23. fxe4 exd5 24. exd5 Nxh5 25.
Kd1 Kc7 26. Kc2 Bg4 27. Rbe1 Rgg7 28. g3 Nxg3 29. Rxh6 Bf5 30. Re8 Nxc4 31. Bxf5 Nxf5 32. Nf8 Nxh6 0-1

[Event "Late-Titled-Tuesday-Blitz-March-19-2024"]
[Site "Chess.com"]
[Date "2024.03.19"]
[Round "4"]
[White "Njal28"]
[Black "SchmakAttack"]
[Result "1-0"]
[WhiteElo "3051"]
[BlackElo "2830"]
[TimeControl "180+1"]
[EndTime "14:38:36 PDT"]
[Termination "Njal28 won on time"]

1. d4 d5 2. Nf3 e6 3. c4 c6 4. Nc3 dxc4 5. g3 b5 6. Bg2 Bb7 7. Ne5 a6 8. O-O Nf6 9. b3 b4 10. Ne4 Nxe4 11. Bxe4 c3 12. a3 a5 13. Qd3 Be7 14.
axb4 axb4 15. Rxa8 Bxa8 16. Bf4 Bb7 17. Ra1 g6 18. Bh6 f5 19. Bf3 Bf8 20. Ra7 Bxh6 21. Rxb7 O-O 22. Rxb4 c5 23. dxc5 Qc7 24. Nc4 Na6 25.
Rb7 Qd8 26. Qxc3 Nxc5 27. Ra7 Qb8 28. Ra3 Bg7 29. Qe3 Qb4 30. Ra7 h6 31. Rc7 Nxb3 32.
Qxe6+ Kh7 33. Ne5 1-0

[Event "Late-Titled-Tuesday-Blitz-March-19-2024"]
[Site "Chess.com"]
[Date "2024.03.19"]
[Round "4"]
[White "ventdelest"]
[Black "NowInChess"]
[Result "1/2-1/2"]
[WhiteElo "2031"]
[BlackElo "2269"]
[TimeControl "180+1"]
[EndTime "14:38:36 PDT"]
[Termination "Game drawn by repetition"]

1. e4 e6 2. d4 d5 3. Nc3 Nc6 4. Nf3 Nf6 5. e5 Ne4 6. Ne2 f6 7. c3 fxe5 8. Nxe5 Nxe5 9. dxe5 Bc5 10. Nd4 O-O 11. Be3 Bb6 12. Bd3 c5 13. Nf3 Bd7 14.
Bxe4 dxe4 15. Ng5 Bc6 16. Qxd8 Rfxd8 17. Nxe6 Re8 18. Nxc5 Rxe5 19. b4 a5 20. O-O Bb5 21. Rfd1 Bxc5 22. Bxc5 Bd3 23. Bd4 Rd5 24. a3 Rf8 25. f3 Bc2 26. Rd2 Bd3 27. fxe4 Bxe4 28. Re1 Bg6 29. Re7 Rf7 30. Rxf7 Kxf7 31. c4 Rd7 32. Rf2+ Ke6 33. Rd2 axb4 34. axb4 Kf5 35. Kf2 Ke4 36. Bc3 Rxd2+ 37. Bxd2 Kd4 38. c5 Kc4 39. Ke3 Bf5 40. g3 g6 41. Kf4 Bd3 42.
Ke5 Kb5 43. Kd6 Be4 44. h4 h5 45. Be1 Bf3 46. Bd2 Be4 47. Be1 Bf5 48. Bd2 Bb1 49. Be1 Bf5 50. Bd2 Bb1 51. Be1 Bf5 1/2-1/2

[Event "Late-Titled-Tuesday-Blitz-March-19-2024"]
[Site "Chess.com"]
[Date "2024.03.19"]
[Round "4"]
[White "manitodeplomo"]
[Black "gympod"]
[Result "1-0"]
[WhiteElo "2664"]
[BlackElo "2383"]
[TimeControl "180+1"]
[EndTime "14:38:37 PDT"]
[Termination "manitodeplomo won by resignation"]

1. d4 Nf6 2. c4 e6 3. Nf3 Bb4+ 4. Bd2 Qe7 5. Nc3 Bxc3 6. Bxc3 Ne4 7. Rc1 O-O 8. g3 d6 9. Bg2 Nxc3 10. Rxc3 e5 11.
O-O a5 12. c5 exd4 13. cxd6 Qxd6 14. Qxd4 Qxd4 15. Nxd4 c6 16. Rd1 Nd7 17. h3 Nf6 18. e4 Re8 19. f3 Be6 20. Nxe6 Rxe6 21. Kf2 Ree8 22. h4 Rad8 23. Rcd3 Rxd3 24. Rxd3 Kf8 25. Ke3 Nd5+ 26. Kd2 Nb4 27. Rd7 Re7 28. Rxe7 Kxe7 29. a3 Na6 30. f4 Nb8 31. Kc3 Kd6 32. e5+ Kc5 33. b4+ axb4+ 34. axb4+ Kb5 35. Bf1+ Kb6 36. Bc4 f6 37. exf6 gxf6 38. Kd4 Kc7 39. Ke4 Kd6 40. Kf5 Nd7 41. Bg8 c5 42. bxc5+ Kxc5 43. Bxh7 b5 44. Bg8 Kd4 45. h5 1-0

[Event "Late-Titled-Tuesday-Blitz-March-19-2024"]
[Site "Chess.com"]
[Date "2024.03.19"]
[Round "4"]
[White "stepanosinovsky"]
[Black "Janh4"]
[Result "1-0"]
[WhiteElo "2323"]
[BlackElo "2150"]
[TimeControl "180+1"]
[EndTime "14:38:38 PDT"]
[Termination "stepanosinovsky won by resignation"]

1. e4 c6 2. d3 d5 3. Nd2 dxe4 4. dxe4 e5 5. Ngf3 Qc7 6. Nc4 Bg4 7. Ncxe5 Qxe5 8.
Nxe5 Bxd1 9. Kxd1 Nf6 10. f3 Bd6 11. Nc4 Bc7 12. a4 Nbd7 13. c3 Rd8 14. Kc2 O-O 15.
Be2 Ne5 16. Nxe5 Bxe5 17. Be3 a6 18. a5 Rd7 19. b4 Rfd8 20. g3 Bc7 21. Rhd1 h5 22.
Rxd7 Rxd7 23. Rd1 Rxd1 24. Bxd1 h4 25. Bf2 hxg3 26. hxg3 Kf8 27. Kd3 Ke7 28. f4 Nd7 29. Bg4 Nf6 30. Bf3 g6 31. Bc5+ Ke8 32. c4 Nd7 33. Bf2 c5 34. bxc5 Bxa5 35. e5 Bb4 36. Bxb7 Bxc5 37. Be1 Nb8 38. Ke4 Ke7 39. Kd5 Be3 40.
c5 g5 41. f5 Nd7 42. f6+ Kd8 43. c6 Nb6+ 44. Ke4 Kc7 45. Kxe3 1-0

[Event "Late-Titled-Tuesday-Blitz-March-19-2024"]
[Site "Chess.com"]
[Date "2024.03.19"]
[Round "4"]
[White "valeriocarnicelli"]
[Black "AndresDelgado77"]
[Result "1-0"]
[WhiteElo "2553"]
[BlackElo "2346"]
[TimeControl "180+1"]
[EndTime "14:38:39 PDT"]
[Termination "valeriocarnicelli won on time"]

1. b3 d5 2. Bb2 Bf5 3. d3 e6 4. Nf3 h6 5. Nbd2 Nf6 6. g3 Be7 7. Bg2 O-O 8. O-O Nbd7 9. Re1 Bh7 10. c4 c6 11. Rc1 a5 12. a3 Rc8 13. Rc2 b5 14.
Qa1 a4 15. cxb5 axb3 16. Rxc6 Rxc6 17. bxc6 Nb8 18. Rc1 Bd6 19. Nxb3 Ng4 20. Bxg7 Qb6 21. Bd4 Qxb3 22. c7 Bxc7 23. Rxc7 f6 24. h3 e5 25. Bb2 Qb6 26. Rxh7 Qxf2+ 27. Kh1 Ne3 28. Qg1 Qxg1+ 29. Kxg1 Kxh7 30. Bh1 Nc6 31. Bc1 Nc2 32. Nh4 N6d4 33. Kf2 Rd8 34. g4 Nb3 35. Bb2 d4 36. a4 Rd7 37. Be4+ Kg8 38. Nf5 Rc7 39. Bd5+ Kh8 40. Bxb3 Nb4 41. Ba3 1-0

[Event "Late-Titled-Tuesday-Blitz-March-19-2024"]
[Site "Chess.com"]
[Date "2024.03.19"]
[Round "4"]
[White "MaiqMaster"]
[Black "Eltaj_Safarli"]
[Result "1/2-1/2"]
[WhiteElo "2370"]
[BlackElo "2606"]
[TimeControl "180+1"]
[EndTime "14:38:40 PDT"]
[Termination "Game drawn by repetition"]

1. d4 Nf6 2. c4 g6 3. g3 c6 4. Bg2 d5 5. Nf3 Bg7 6. O-O O-O 7. cxd5 cxd5 8. Nc3 Nc6 9. Ne5 Bf5 10.
Bf4 Rc8 11. Nxc6 Rxc6 12. Qb3 Rb6 13. Qa3 Ne4 14. Rac1 Bxd4 15. Nxe4 Bxb2 16. Qe3 Bxc1 17. Rxc1 Bxe4 18. Bxe4 Re6 19. Bc7 Qd7 20. Bf5 gxf5 21. Qxa7 Rxe2 22. a4 d4 23. Qxb7 d3 24. Bf4 d2 25.
Qxd7 dxc1=Q+ 26. Bxc1 Re1+ 27. Kg2 Rxc1 28. Qxf5 Rc6 29.
Qg5+ Rg6 30. Qxe7 Ra8 31. Qe4 Ra5 32. h4 h6 33. Qe8+ Kg7 34. Qd7 Raa6 35. Qd4+ Kh7 36. Qc4 Rgf6 37. g4 Rac6 38. Qd5 Kg8 39. g5 hxg5 40.
hxg5 Rfd6 41. Qb3 Kg7 42. f4 Rd4 43. Kg3 Rcc4 44. a5 Rxf4 45. Qb2+ Kg6 46. Qb6+ Kxg5 47. Qd8+ Kg6 48. Qg8+ Kf6 49. Qh8+ Ke6 50. Qe8+ Kf6 51.
Qd8+ Kf5 52. Qd7+ Kg6 53. Qd6+ Kg5 54. Qe5+ f5 55. Qg7+ Kh5 56. Qh7+ Kg5 57. Qg7+ Kh5 58. Qh7+ Kg5 59. Qg7+ 1/2-1/2

[Event "Late-Titled-Tuesday-Blitz-March-19-2024"]
[Site "Chess.com"]
[Date "2024.03.19"]
[Round "4"]
[White "Aram7Adam"]
[Black "IMRosen"]
[Result "1-0"]
[WhiteElo "2455"]
[BlackElo "2632"]
[TimeControl "180+1"]
[EndTime "14:38:40 PDT"]
[Termination "Aram7Adam won on time"]

1. e4 e5 2. Nf3 Nf6 3. d4 Nxe4 4. dxe5 d5 5. Bd3 Qd7 6. h3 Be7 7. Nbd2 Nxd2 8. Bxd2 c5 9. c4 Nc6 10. O-O O-O 11. cxd5 Qxd5 12. Bg5 Be6 13. Bxe7 Nxe7 14.
Qc2 h6 15. Rfd1 Qc6 16. Rac1 Rac8 17. Nd2 Qc7 18. f4 Rfd8 19. Ne4 c4 20. Bf1 Nf5 21. Qf2 Rxd1 22. Rxd1 Qb6 23. Qxb6 axb6 24. Kf2 g6 25. g4 Ne7 26. a3 Kg7 27. Nd6 Rc7 28.
Rc1 Nd5 29. f5 gxf5 30. gxf5 Bd7 31. Bxc4 Nf4 32. Rg1+ Kf8 33. Kf3 b5 34. Bxf7 1-0

[Event "Late-Titled-Tuesday-Blitz-March-19-2024"]
[Site "Chess.com"]
[Date "2024.03.19"]
[Round "4"]
[White "Englishman_18"]
[Black "betta2004"]
[Result "1-0"]
[WhiteElo "2275"]
[BlackElo "2519"]
[TimeControl "180+1"]
[EndTime "14:38:41 PDT"]
[Termination "Englishman_18 won by checkmate"]

1. Nf3 e5 2. Nxe5 Nc6 3. Nf3 d5 4. d4 Bf5 5. g3 Nf6 6. Bg2 Ne4 7. c3 h5 8. h4 Be7 9. Nfd2 Qd6 10.
Nxe4 dxe4 11. Bf4 Qd5 12. Nd2 O-O-O 13. b4 f6 14. Qb3 g5 15. Qxd5 Rxd5 16. Be3 Re8 17.
hxg5 fxg5 18. Rxh5 Bg6 19. Rh1 Bf8 20. Rh8 Rdd8 21. Nb3 Ne7 22. Bxg5 e3 23. fxe3 Bg7 24. Rxe8 Rxe8 25. Nc5 c6 26. Kd2 Nf5 27. g4 Nd6 28. Rf1 Nc4+ 29. Kc1 Nxe3 30. Bxe3 Rxe3 31. g5 Rxe2 32.
Bh3+ Kb8 33. a3 Re3 34. Bf5 Bxf5 35. Rxf5 Rxc3+ 36. Kb2 Bxd4 37. Rf8+ Kc7 38. Ne6+ Kb6 39.
Nxd4 Rg3 40. Rg8 a5 41. bxa5+ Kxa5 42. Nc2 b5 43. g6 c5 44. g7 b4 45. Ra8+ Kb6 46.
g8=Q Rxg8 47. Rxg8 b3 48. Kxb3 c4+ 49. Kxc4 Ka6 50.
Kb4 Ka7 51. Rg6 Kb7 52. Kc5 Ka7 53. Rc6 Kb7 54. Kb5 Ka7 55. Rb6 Ka8 56. Kc6 Ka7 57.
Kc7 Ka8 58. Ra6# 1-0

[Event "Late-Titled-Tuesday-Blitz-March-19-2024"]
[Site "Chess.com"]
[Date "2024.03.19"]
[Round "4"]
[White "mightysmasher"]
[Black "bubeliang"]
[Result "0-1"]
[WhiteElo "2597"]
[BlackElo "2800"]
[TimeControl "180+1"]
[EndTime "14:38:42 PDT"]
[Termination "bubeliang won by checkmate"]

1. e4 c6 2. d4 d5 3. Nd2 dxe4 4.
Nxe4 Nf6 5. Nxf6+ exf6 6. c3 Bd6 7. Bd3 O-O 8. Ne2 Re8 9. O-O Nd7 10. Bf4 Nf8 11.
Bxd6 Qxd6 12. Ng3 Be6 13. Ne4 Qc7 14. Qc2 Ng6 15. Rfe1 b6 16. g3 Bh3 17. Nd2 Qd7 18. Ne4 h6 19. Nd2 f5 20. Bf1 f4 21. Bxh3 Qxh3 22.
Qd3 fxg3 23. Qxg3 Qf5 24. Nc4 Qf6 25. Nd6 Red8 26. Ne4 Qf5 27. Nd6 Qh5 28. Ne4 Kh8 29. Kh1 Rd5 30. Rg1 Rf5 31. Rae1 Rf3 32. Qg2 Rg8 33. Ng3 Qg4 34. Re3 Nh4 35. Qf1 Qf4 36. Qd3 Rxf2 37. Re4 Qf6 38. Rg4 Nf3 39. Rg2 Rxg2 40.
Ne4 Rxh2# 0-1

[Event "Late-Titled-Tuesday-Blitz-March-19-2024"]
[Site "Chess.com"]
[Date "2024.03.19"]
[Round "4"]
[White "ritanovikova"]
[Black "NovakRatko"]
[Result "0-1"]
[WhiteElo "2217"]
[BlackElo "2416"]
[TimeControl "180+1"]
[EndTime "14:38:42 PDT"]
[Termination "NovakRatko won on time"]

1. e4 d5 2. exd5 c6 3. dxc6 Nxc6 4. Nc3 e5 5. Bc4 Bd6 6. d3 Nf6 7. Nge2 Bg4 8. h3 Bh5 9. g4 Bg6 10. Be3 a6 11. a4 Qc7 12. Nd5 Nxd5 13. Bxd5 Rd8 14.
Bb3 e4 15. d4 Ne5 16. Ng1 Nc4 17. Bxc4 Qxc4 18. Qe2 Qb4+ 19. c3 Qb3 20. h4 h5 21.
g5 Bf5 22. f3 exf3 23. Nxf3 O-O 24. O-O Bg4 25. Qf2 Rfe8 26. Ne5 Bxe5 27. dxe5 Rxe5 28. Bd4 Re2 29. Qf4 Rxb2 30. Qe5 Rxd4 31. cxd4 Bf3 32. Qe8+ Kh7 33. Rf2 Rxf2 34. Kxf2 Bd5 35. Re1 Qf3+ 0-1

[Event "Late-Titled-Tuesday-Blitz-March-19-2024"]
[Site "Chess.com"]
[Date "2024.03.19"]
[Round "4"]
[White "Piriflillo"]
[Black "colegiodemadrid"]
[Result "0-1"]
[WhiteElo "2361"]
[BlackElo "2555"]
[TimeControl "180+1"]
[EndTime "14:38:43 PDT"]
[Termination "colegiodemadrid won by resignation"]

1. Nf3 Nf6 2. b3 c5 3. Bb2 d6 4. e3 e5 5. d4 cxd4 6. exd4 e4 7. Nfd2 d5 8. c4 Bb4 9. a3 Bxd2+ 10. Nxd2 O-O 11.
Be2 Nc6 12. O-O Re8 13. cxd5 Qxd5 14. Bc4 Qg5 15. Re1 Bg4 16. Be2 Bf5 17. Nf1 Nd5 18. Bc1 Qf6 19. Bb2 Rad8 20. Ng3 Bg6 21. Bc4 Nf4 22. Bb5 h5 23. Qd2 h4 24. Ne2 Nd3 25. Bxd3 exd3 26. Nf4 Qg5 27. Bc3 Rxe1+ 28. Rxe1 Nxd4 29.
Qe3 Nc2 30. Qe5 Qxe5 31. Rxe5 d2 32. Bxd2 Rxd2 33. g3 hxg3 34. hxg3 Nxa3 35. Re8+ Kh7 36. Re7 b5 37. Rxa7 b4 38. Ra4 Nc2 39. Ra7 Be4 40. Kh2 Rxf2+ 41. Kh3 Bf5+ 42. g4 Rxf4 43. gxf5 Rxf5 44.
Rb7 Rf3+ 45. Kg4 Rxb3 46. Rxf7 Rc3 47. Rb7 b3 48. Kf4 Kg6 49. Ke4 Na3 50. Kd4 Rg3 51. Rb6+ Kh5 52. Ra6 Nc2+ 0-1

[Event "Late-Titled-Tuesday-Blitz-March-19-2024"]
[Site "Chess.com"]
[Date "2024.03.19"]
[Round "4"]
[White "Roedor"]
[Black "Rawnsdale"]
[Result "0-1"]
[WhiteElo "2303"]
[BlackElo "2526"]
[TimeControl "180+1"]
[EndTime "14:38:43 PDT"]
[Termination "Rawnsdale won by checkmate"]

1. Nf3 d5 2. d4 e6 3. c4 Be7 4. g3 Nf6 5. Bg2 O-O 6. O-O dxc4 7. h4 Nbd7 8. Qc2 a6 9. a4 c5 10. dxc5 Nxc5 11. Rd1 Bd7 12. Qxc4 Rc8 13. a5 Nce4 14. Qd3 Bb5 15. Qxd8 Rfxd8 16. Rxd8+ Bxd8 17. Nc3 Nxc3 18. bxc3 Rxc3 19. Nd4 Nd5 20. Nxb5 axb5 21. Bf4 h6 22. Bxd5 exd5 23. a6 bxa6 24. Rxa6 Bf6 25. Bxh6 b4 26. Rb6 b3 27. Bg5 b2 28. Rxb2 Be5 29. Rb5 f6 30.
Rxd5 Rc2 31. e3 Kf7 32. Bf4 Ke6 33. Ra5 Bc3 34. Ra7 Be1 35. Rxg7 Bxf2+ 36. Kf1 Kf5 37. h5 Ke4 38. Rc7 Rd2 39. Rc1 Kf3 40. h6 Rd7 41. e4 Bd4 42. Rd1 Rb7 43. h7 Rxh7 44. Ke1 Bc3+ 45. Bd2 Rh1# 0-1

[Event "Late-Titled-Tuesday-Blitz-March-19-2024"]
[Site "Chess.com"]
[Date "2024.03.19"]
[Round "4"]
[White "FontVella8"]
[Black "PedroGil25"]
[Result "0-1"]
[WhiteElo "2675"]
[BlackElo "2484"]
[TimeControl "180+1"]
[EndTime "14:38:45 PDT"]
[Termination "PedroGil25 won on time"]

1. Nf3 Nf6 2. g3 g6 3. Bg2 Bg7 4. O-O O-O 5. d4 b6 6. c4 Bb7 7. Re1 e6 8. Nc3 Ne4 9. Qc2 Nxc3 10. bxc3 d6 11. e4 Nd7 12. h4 h6 13. a4 a5 14. Be3 Qe7 15. Rab1 Ba6 16. Nd2 Rac8 17.
f4 c5 18. d5 e5 19. Bh3 Rce8 20.
f5 Rb8 21. fxg6 fxg6 22. Rf1 Kh7 23. Qd3 Rxf1+ 24. Rxf1 Rf8 25. Nf3 Rf7 26. Kg2 Rf8 27. Be6 Nf6 28. Rb1 Qc7 29. Ng5+ hxg5 30. hxg5 Nh5 31. Rh1 Bc8 32. g4 Bxe6 33. dxe6 Qe7 34. Qd5 Bh6 35. gxh5 Bxg5 36. hxg6+ Kxg6 37. Qd2 Bxe3 38.
Qxe3 Qg5+ 39. Qxg5+ Kxg5 40. Rd1 Kf4 41. Rxd6 Kxe4 42. Rxb6 Re8 43. Kf2 Kd3 0-1

[Event "Late-Titled-Tuesday-Blitz-March-19-2024"]
[Site "Chess.com"]
[Date "2024.03.19"]
[Round "4"]
[White "prochn"]
[Black "CheckThis4"]
[Result "1/2-1/2"]
[WhiteElo "2459"]
[BlackElo "2664"]
[TimeControl "180+1"]
[EndTime "14:38:46 PDT"]
[Termination "Game drawn by repetition"]

1. d4 Nf6 2. c4 e5 3. dxe5 Ng4 4. Bf4 Bb4+ 5. Nd2 d6 6. Nf3 dxe5 7. Bxe5 O-O 8. Bc3 Bxc3 9. bxc3 Nc6 10. e3 Qf6 11.
Be2 Qxc3 12. O-O Rd8 13. Qb3 Qf6 14. Ne4 Qg6 15. Ng3 b6 16. c5 Bb7 17. Rac1 h5 18.
cxb6 axb6 19. a4 Qf6 20. Nxh5 Qh6 21. h3 Qxh5 22. Nh2 Nce5 23. Nxg4 Nxg4 24. Bxg4 Qe5 25. Qb5 Rd5 26. Qc4 c5 27. Qb5 Rd6 28. Rfd1 Bc6 29.
Qxb6 Rxd1+ 30. Rxd1 Bxa4 31. Rd8+ Rxd8 32. Qxd8+ Kh7 33.
Qh4+ Kg8 34. Qd8+ Kh7 35. Qh4+ Kg8 36. Qd8+ 1/2-1/2

[Event "Late-Titled-Tuesday-Blitz-March-19-2024"]
[Site "Chess.com"]
[Date "2024.03.19"]
[Round "4"]
[White "FREZZY23"]
[Black "Revan_2002"]
[Result "0-1"]
[WhiteElo "2378"]
[BlackElo "2572"]
[TimeControl "180+1"]
[EndTime "14:38:46 PDT"]
[Termination "Revan_2002 won by checkmate"]

1. Nf3 Nf6 2. g3 g6 3. Bg2 Bg7 4. O-O O-O 5. d4 d6 6. c4 Nbd7 7. Nc3 e5 8. h3 Re8 9. e4 exd4 10. Nxd4 c6 11. Be3 Nc5 12. Qc2 a5 13. Rfd1 Bd7 14.
Rac1 a4 15. f4 Qa5 16. Bf2 Qb4 17. b3 axb3 18. axb3 Nh5 19. Rb1 Ne6 20. Nxe6 Bxe6 21. Na4 d5 22. exd5 Bf5 23. Qc1 Bxb1 24. dxc6 bxc6 25.
Qxb1 Rad8 26. Bxc6 Rxd1+ 27. Qxd1 Rb8 28. Bb5 Qe7 29.
Kg2 Rd8 30. Qf3 Nf6 31. c5 Ne4 32. Bc6 Nxf2 33. Qxf2 Bd4 34. Qc2 Be3 35. Qe4 Bxc5 36. Qxe7 Bxe7 37. Nb6 Rd2+ 38. Kf3 Rd3+ 39. Kg4 h5# 0-1

[Event "Late-Titled-Tuesday-Blitz-March-19-2024"]
[Site "Chess.com"]
[Date "2024.03.19"]
[Round "4"]
[White "expii"]
[Black "Schattman"]
[Result "0-1"]
[WhiteElo "2201"]
[BlackElo "2511"]
[TimeControl "180+1"]
[EndTime "14:38:46 PDT"]
[Termination "Schattman won by resignation"]

1. e4 c5 2. Nf3 e6 3. d4 cxd4 4. Nxd4 Nf6 5. Nc3 Nc6 6. g3 Be7 7. Bg2 O-O 8. O-O d6 9. Nxc6 bxc6 10. h3 d5 11. exd5 cxd5 12. Be3 Rb8 13. Rb1 Qc7 14.
Re1 Bc5 15. Bf4 Bd6 16. Bxd6 Qxd6 17. Ne2 Ba6 18. c3 Bxe2 19. Qxe2 Rfc8 20. Red1 Rb6 21. Rbc1 Rcb8 22. b3 Qe7 23. c4 dxc4 24. Rxc4 Rd6 25. Rdc1 Rbd8 26. Rc8 g6 27. Rxd8+ Rxd8 28. Kh2 e5 29.
Rc6 Rd6 30. Qc4 Rxc6 31. Qxc6 e4 32. Qc8+ Kg7 33. Qc3 g5 34. Qe3 Kg6 35. g4 Qe5+ 36.
Qg3 Qd4 37. h4 h6 38. h5+ Kg7 39. Kh3 Qd1 40. f3 e3 41. Qe5 e2 42. f4 e1=Q 0-1

[Event "Late-Titled-Tuesday-Blitz-March-19-2024"]
[Site "Chess.com"]
[Date "2024.03.19"]
[Round "4"]
[White "joksijoksi"]
[Black "Bkmzzzzz"]
[Result "1-0"]
[WhiteElo "2574"]
[BlackElo "2389"]
[TimeControl "180+1"]
[EndTime "14:38:47 PDT"]
[Termination "joksijoksi won on time"]

1. d4 d5 2. c4 dxc4 3. Nf3 a6 4. e3 Nf6 5. Bxc4 e6 6. O-O c5 7. dxc5 Bxc5 8. Qe2 b5 9. Rd1 Qe7 10. Bd3 O-O 11.
a3 Bb7 12. b4 Bd6 13. Bb2 Nbd7 14. Nbd2 Rfd8 15. e4 Ng4 16. e5 Bc7 17. h3 Ngxe5 18. Nxe5 Nxe5 19. Bxe5 Bxe5 20. Bxh7+ Kxh7 21. Qxe5 Rd5 22. Qe2 Qf6 23. Ne4 Qg6 24. Ng3 Rad8 25. Rxd5 Bxd5 26. Rc1 Bc4 27. Qe5 Rd3 28. Ne4 Rd5 29.
Qf4 Rf5 30. Qh4+ Rh5 31. Qf4 Bd5 32. Ng3 Rg5 33. Rc8 Qh6 34. Qb8 Qf6 35. Rh8+ Kg6 36.
Qc8 Rxg3 37. Qc2+ 1-0

[Event "Late-Titled-Tuesday-Blitz-March-19-2024"]
[Site "Chess.com"]
[Date "2024.03.19"]
[Round "4"]
[White "DucksParadise"]
[Black "Romkachess"]
[Result "0-1"]
[WhiteElo "2501"]
[BlackElo "2711"]
[TimeControl "180+1"]
[EndTime "14:38:48 PDT"]
[Termination "Romkachess won on time"]

1. d4 Nf6 2. c4 e6 3. Nf3 b6 4.
a3 Bb7 5. Nc3 d5 6. cxd5 Nxd5 7. Qc2 Be7 8. e4 Nxc3 9. bxc3 O-O 10. Bd3 c5 11. O-O cxd4 12. cxd4 Nd7 13. Bb2 Rc8 14. Qe2 Nf6 15. Rad1 Rc7 16. Qe3 Qa8 17. d5 exd5 18. e5 Ne4 19. Nd4 Rfc8 20. e6 Bf6 21. exf7+ Rxf7 22. f3 Nc5 23. Bb1 Re8 24. Qf2 Rfe7 25.
Qg3 Qb8 26. Qh3 g6 27. Rd2 Qc8 28. Nf5 Re6 29. Nh6+ Kg7 30. Nf5+ gxf5 31. Bxf5 Bxb2 32. Qxh7+ Kf6 33. Qg6+ Ke7 34. Bxe6 Nxe6 35. Rxb2 Qc5+ 36.
Kh1 Kd7 37. Re2 Re7 38. Rfe1 Qd6 0-1